 Dungeon Crawl Stone Soup version 0.29.1-1-gd02db6906a (webtiles) character file.

Game seed: 3533336075133747521

107 raistware the Conjurer (level 4, 0/27 HPs)
             Began as an Octopode Conjurer on Sept 29, 2022.
             Slain by an orc
             ... wielding a +0 mace
              (6 damage)
             ... on level 4 of the Dungeon.
             The game lasted 00:04:32 (3299 turns).

raistware the Conjurer (Octopode Conjurer)          Turns: 3299, Time: 00:04:33

Health: 0/27       AC:  1    Str:  6    XL:     4   Next: 86%
Magic:  15/19      EV: 13    Int: 22    God:
Gold:   168        SH:  0    Dex: 10    Spells: 3/11 levels left

rFire   . . .      SeeInvis .   (no weapon)
rCold   . . .      Faith    .   (no shield)
rNeg    . . .      Spirit   .   (helmet restricted)
rPois   +          Reflect  .   o - amulet of regeneration
rElec   .          Harm     .   e - ring of poison resistance
rCorr   .          Rampage  .   p - ring of magical power
Will    .....                   (no ring)
Stlth   +++.......              (no ring)
HPRegen 0.89/turn               (no ring)
MPRegen 0.16/turn               (no ring)
                                (no ring)
                                (no ring)

@: no status effects
A: almost no armour, amphibious, 8 rings, camouflage 1, gelatinous body 1,
(nimble swimmer 1), tentacles
a: no special abilities


You were on level 4 of the Dungeon.
You visited 1 branch of the dungeon, and saw 4 of its levels.

You collected 168 gold pieces.

Inventory:

Jewellery
 e - a ring of poison resistance (left tentacle)
 o - an amulet of regeneration (around mantle)
 p - a ring of magical power (right tentacle)
Wands
 r - a wand of flame (24)
Scrolls
 b - 4 scrolls of identify {unknown}
 c - 3 scrolls of enchant armour {unknown}
 d - 2 scrolls of vulnerability {unknown}
 g - a scroll of teleportation {unknown}
 h - a scroll of blinking {unknown}
 j - 4 scrolls of noise {unknown}
 k - a scroll of poison {unknown}
Potions
 a - 2 potions of magic
 f - a potion of lignification {unknown}
 i - a potion of curing {unknown}
 l - a potion of degeneration {unknown}
 m - 3 potions of attraction {unknown}
 n - a potion of haste {unknown}
 q - a potion of heal wounds {unknown}


   Skills:
 - Level 2.0 Dodging
 - Level 2.6 Stealth
 - Level 4.0 Spellcasting
 * Level 4.0 Conjurations
 + Level 1.0 Translocations
 * Level 2.0 Poison Magic


You had 3 spell levels left.
You knew the following spells:

 Your Spells              Type           Power      Damage    Failure   Level
a - Magic Dart            Conj           88%        1d7       2%          1
b - Mephitic Cloud        Conj/Pois/Air  13%        N/A       14%         3
c - Iskenderun's Mystic   Conj/Tloc      15%        2d5       36%         4

Your spell library contained the following spells:

 Spells                   Type           Power      Damage    Failure   Level
 Searing Ray              Conj           44%        2d6       3%          2
 Dazzling Flash           Conj/Hex       26%        N/A       14%         3
 Ignite Poison            Fire/Tmut/Pois 7%         N/A       26%         3
 Portal Projectile        Hex/Tloc       12%        N/A       26%         3
 Tukima's Dance           Hex            4%         N/A       32%         3
 Fulminant Prism          Conj/Hex       6%         3d7       43%         4
 Freezing Cloud           Conj/Ice/Air   5%         6-21      87%         5
 Blade Hands              Tmut           2%         N/A       97%         5


Dungeon Overview and Level Annotations

Branches:
Dungeon (4/15)
 Temple: D:4-7

Altars:
Dithmenos
Gozag
Makhleb

Shops:
D:2 =


Innate Abilities, Weirdness & Mutations

You cannot wear most types of armour.
You are amphibious.
You can wear up to eight rings at the same time.
Your skin changes colour to match your surroundings (Stealth+).
Your rubbery body absorbs attacks. (AC +1, EV +1)
((You are camouflaged when in or above water. (Stealth+)))
You have tentacles for arms and can constrict up to eight enemies at once.


Message History

You closely miss the orc priest. You grab the orc priest.
You squeeze the orc priest.
The orc priest is moderately wounded.
You constrict the orc.
You kill the orc!
You constrict the orc priest, but do no damage.
The orc priest barely misses you.
You tentacle-slap the orc priest but do no damage.
The orc priest is moderately wounded.
You constrict the orc priest, but do no damage.
The orc priest hits you with a +0 whip. The orc closely misses you.
Casting: Magic Dart (safe; 2% risk of failure)
Confirm with . or Enter, or press ? or * to list all spells.
Aiming: Magic Dart (safe; 2% risk of failure)
Press: ? - help, Shift-Dir - straight line, f - orc priest
Aim: an orc priest, wielding a +0 whip and wearing a +0 leather armour (moderately wounded, constricted by you, 100% to hit)
The magic dart hits the orc priest.
The orc priest is heavily wounded.
You constrict the orc priest. The orc priest hits you with a +0 whip.
The orc closely misses you.
Casting: Magic Dart (safe; 2% risk of failure)
Confirm with . or Enter, or press ? or * to list all spells.
Aiming: Magic Dart (safe; 2% risk of failure)
Press: ? - help, Shift-Dir - straight line, f/p - orc priest
Aim: an orc priest, wielding a +0 whip and wearing a +0 leather armour (heavily wounded, constricted by you, 100% to hit)
The magic dart hits the orc priest but does no damage.
The orc priest is heavily wounded.
You constrict the orc priest. The orc hits you with a +0 mace.
* * * LOW HITPOINT WARNING * * *
The orc priest barely misses you.
Casting: Magic Dart (safe; 2% risk of failure)
Confirm with . or Enter, or press ? or * to list all spells.
Aiming: Magic Dart (safe; 2% risk of failure)
Press: ? - help, Shift-Dir - straight line, f/p - orc priest
Aim: an orc priest, wielding a +0 whip and wearing a +0 leather armour (heavily wounded, constricted by you, 100% to hit)
The magic dart hits the orc priest.
The orc priest is almost dead.
You constrict the orc priest, but do no damage.
The orc hits you with a +0 mace.
You die...

# ###### ###
..########....# #####..
........##....# #......
........##@...# #......
........##oo..# ####......
.........#....####.........
.........'.......'.........
..#......#########.....####
. #####.o.....# #.......###
#.........#..........
#..(......#..........
.s..o.................


You could see an orc priest and an orc.

Vanquished Creatures
  An orc wizard (D:4)
  4 adders
  3 worms (D:2)
  An orc (D:4)
  2 bats (D:1)
  7 endoplasms
  A giant cockroach (D:3)
  4 goblins
  4 hobgoblins
  A quokka (D:2)
  4 ball pythons
  A frilled lizard (D:1)
  2 kobolds (D:3)
  6 rats
41 creatures vanquished.

Notes
Turn   | Place    | Note
-------+----------+-------------------------------------------
     0 | D:1      | raistware the Octopode Conjurer began the quest for the
                  | Orb.
     0 | D:1      | Reached XP level 1. HP: 11/11 MP: 3/3
   249 | D:1      | Reached XP level 2. HP: 11/17 MP: 0/5
  1203 | D:2      | Reached XP level 3. HP: 21/21 MP: 3/7
  1353 | D:2      | Learned a level 3 spell: Mephitic Cloud
  1424 | D:2      | Found a shadowy altar of Dithmenos.
  1770 | D:2      | Reached skill level 1 in Poison Magic
  1770 | D:2      | Reached XP level 4. HP: 27/27 MP: 5/9
  1819 | D:2      | Learned a level 4 spell: Iskenderun's Mystic Blast
  1822 | D:2      | Found Efrouxaf's Jewellery Shop.
  2333 | D:3      | Found an opulent altar of Gozag.
  2900 | D:3      | Found a burning altar of Makhleb.
  2952 | D:3      | Noticed a balrug
  2956 | D:3      | Noticed a neqoxec
  2956 | D:3      | Noticed a hellwing
  3282 | D:4      | Reached skill level 1 in Translocations
  3288 | D:4      | Noticed a scorpion
  3299 | D:4      | Slain by an orc

Illustrated notes

Levels and vault maps discovered:
D:1:      co_arrival_square_in_a_square_in_a_square, layout_loops_ring,
          serial_park_tiny_2, minmay_ruptured
D:2:      layout_loops_ring, basic_altar, serial_shops, nicolae_shop_crystal
D:3:      layout_basic, makhleb_altar_promises_db, nicolae_gozag_seed_capital,
          amcnicky_mini_pool_small
D:4:      layout_basic, minmay_temple_entry_statues_pillars

Skill      XL: |  1  2  3  4 |
---------------+-------------+-----
Spellcasting   | 3 4 |  4.0
Poison Magic   | 1 2 |  2.0
Translocations | 1 |  1.0
Dodging        | |  2.0
Stealth        | |  2.6
Conjurations   | |  4.0

Action                   |  1- 3 |  4- 6 || total
-------------------------+-------+-------++-------
Melee: Unarmed           |    17 |     7 ||    24
       Constrict         |     6 |     3 ||     9
       Tentacles         |     6 |     2 ||     8
 Cast: Magic Dart        |    58 |    28 ||    86
Armor: Skin              |     1 |       ||     1
Dodge: Dodged            |    13 |     8 ||    21
